 Dungeon Crawl Stone Soup version 0.19.1 (webtiles) character file.

559 Ladykiller69 the Slasher (level 7, -6/61 HPs)
             Began as a Minotaur Abyssal Knight on Dec 24, 2016.
             Was a Priest of Lugonu.
             Mangled by Pikel
             ... wielding a +1 whip of electrocution
              (15 damage)
             ... on level 4 of the Dungeon.
             The game lasted 00:10:12 (4114 turns).

Ladykiller69 the Slasher (Minotaur Abyssal Knight)  Turns: 4114, Time: 00:10:12

Health: -6/61      AC:  8    Str: 16    XL:     7   Next: 9%
Magic:  8/8        EV: 10    Int:  9    God:    Lugonu [***...]
Gold:   206        SH:  3    Dex: 12    Spells: 0 memorised, 6 levels left

rFire  . . .     SeeInvis .     a - +1 falchion
rCold  . . .     Gourm    .     d - +0 scale mail
rNeg   . . .     Faith    .     p - +0 buckler
rPois  .         Spirit   .     (helmet restricted)
rElec  .         Reflect  .     y - +0 cloak
rCorr  .         Harm     .     (no gloves)
MR     .....                    (no boots)
Stlth  ..........               (no amulet)
                                (no ring)
                                (no ring)

@: no status effects
A: retaliatory headbutt, horns 2
a: Depart the Abyss, Bend Space, Banish, Renounce Religion


You were on level 4 of the Dungeon.
You worshipped Lugonu.
Lugonu was most pleased with you.
You were hungry.

You visited 2 branches of the dungeon, and saw 5 of its levels.
You visited the Abyss 1 time.

You collected 206 gold pieces.

Inventory:

Hand Weapons
 a - a +1 falchion (weapon)
Missiles
 B - 58 stones (quivered)
 C - 14 bolts
 E - 58 arrows
Armour
 b - a +0 leather armour
 d - a +0 scale mail (worn)
 k - a +0 plate armour
 p - a +0 buckler (worn)
 y - a +0 cloak (worn)
Jewellery
 u - an uncursed ring of wizardry {unknown}
 w - an uncursed ring of stealth {unknown}
 x - a +1 ring of slaying {unknown}
 z - a cursed ring of teleportation {unknown}
Wands
 F - a wand of enslavement (10/24)
 H - a wand of iceblast (9/15)
 J - a wand of iceblast (9/15)
Scrolls
 e - 4 scrolls of identify {unknown}
 h - a scroll of random uselessness {unknown}
 i - a scroll of teleportation {unknown}
 j - a scroll of amnesia {unknown}
 o - a scroll of fear {unknown}
 q - 2 scrolls of blinking {unknown}
 s - a scroll of noise {unknown}
 t - 2 scrolls of fog {unknown}
 G - 3 scrolls of remove curse {unknown}
Potions
 l - a potion of mutation {unknown}
 n - 2 potions of brilliance {unknown}
 v - a potion of magic {unknown}
 A - 2 potions of lignification {unknown}
 D - a potion of agility {unknown}
Comestibles
 c - 2 bread rations
 f - a fruit
 m - 3 meat rations
 r - 2 beef jerkies
 I - a slice of pizza


   Skills:
 - Level 5.0 Fighting
 * Level 5.8 Long Blades
 + Level 4.1 Armour
 + Level 3.8 Dodging
 + Level 3.2 Invocations


You had 6 spell levels left.
You didn't know any spells.

Dungeon Overview and Level Annotations

Branches:
Dungeon (4/15)             Temple (1/1) D:4

Altars:
Cheibriados
Dithmenos
Elyvilon
Gozag
Okawaru
The Shining One

Annotations:
D:4 Pikel


Innate Abilities, Weirdness & Mutations

You reflexively headbutt those who attack you in melee.
You have a pair of horns on your head.


Message History

You hit Pikel. Your headbutt misses Pikel.
Pikel is moderately wounded.
Pikel hits you but does no damage.
You hit Pikel but do no damage. Your headbutt misses Pikel.
Pikel is moderately wounded.
Pikel closely misses you.
You hit Pikel but do no damage.
Pikel is moderately wounded.
Pikel closely misses you.
You riposte.
You barely miss Pikel. You headbutt Pikel!
Pikel is heavily wounded.
You miss Pikel. You headbutt Pikel.
Pikel is severely wounded.
Pikel hits you but does no damage.
You are electrocuted!
* * * LOW HITPOINT WARNING * * *
Pikel cracks his whip.
Pikel hits you with a whip of electrocution.
* * * LOW HITPOINT WARNING * * *
You are electrocuted!
You die...

#........K..#
#...........#
#...........#
#...........#
#######'#####
#.p..#
######.#######
#....#...ppK.#
#.##)#######@#
###.##.# #...#.#
#...##.###.#.#.#
#.####...).#.#.#
###.##########.#.#
..#.......# #.#.#
#.#######.# #.#.#
#.# #.# #.#.#
#.#######.# #.#.#


You could see Pikel and 2 slaves.

Vanquished Creatures
  2 slaves
  2 phantoms (D:4)
  A scorpion (D:4)
  2 orc wizards (D:3)
  A centaur skeleton (D:4)
  A worker ant (D:4)
  A hound zombie (D:4)
  A howler monkey skeleton (D:4)
  4 gnolls
  6 adders
  An ooze (D:4)
  2 worms
  A dart slug (D:1)
  3 leopard geckos
  4 orcs
  6 bats
  8 giant cockroaches
  5 goblins
  9 hobgoblins
  7 jackals
  7 kobolds
  A quokka (D:3)
  A ball python (D:3)
  4 frilled lizards
  A quokka skeleton (D:4)
  9 rats
90 creatures vanquished.

Notes
Turn   | Place    | Note
-------+----------+-------------------------------------------
     0 | Abyss:1  | Ladykiller69 the Minotaur Abyssal Knight began the quest for the Orb.
     0 | Abyss:1  | Reached XP level 1. HP: 19/19 MP: 1/1
    10 | D:1      | Escaped the Abyss
    94 | D:1      | Reached XP level 2. HP: 27/27 MP: 2/2
   426 | D:1      | Reached ** piety under Lugonu
   500 | D:1      | Reached XP level 3. HP: 31/33 MP: 3/3
  1165 | D:2      | Reached XP level 4. HP: 40/40 MP: 4/4
  1607 | D:3      | Reached XP level 5. HP: 43/47 MP: 5/5
  2284 | D:3      | Reached *** piety under Lugonu
  2584 | D:4      | Noticed a phantom
  2606 | D:4      | Killed a phantom
  2606 | D:4      | Reached skill level 5 in Long Blades
  2606 | D:4      | Reached XP level 6. HP: 23/55 MP: 5/7
  2829 | D:4      | Reached skill level 5 in Fighting
  3073 | D:4      | Found a staircase to the Ecumenical Temple.
  3077 | Temple   | Entered the Ecumenical Temple
  3083 | D:4      | Noticed Pikel
  3083 | D:4      | Noticed a slave
  3083 | D:4      | Noticed a slave
  3084 | D:4      | Noticed a slave
  3084 | D:4      | Noticed a slave
  3253 | D:3      | Killed a slave
  3519 | D:4      | Killed a slave
  3807 | D:4      | Reached XP level 7. HP: 42/61 MP: 8/8
  4114 | D:4      | Mangled by Pikel

Skill      XL: |  1  2  3  4  5  6 |
---------------+-------------------+-----
Invocations    | 2 3 |  3.2
Long Blades    | 3 4 5 |  5.8
Fighting       | 4 5 |  5.0
Dodging        | 2 3 |  3.8
Armour         | 3 4 |  4.1

Action                   |  1- 3 |  4- 6 |  7- 9 || total
-------------------------+-------+-------+-------++-------
Melee: Falchion          |    92 |   232 |    14 ||   338
       Headbutt          |    15 |    43 |     3 ||    61
  Use: Potion            |       |     1 |       ||     1
  Eat: Chunk             |     1 |     9 |       ||    10
Armor: Leather armour    |     7 |       |       ||     7
       Scale mail        |     3 |    16 |     6 ||    25
       Plate armour      |    31 |   145 |       ||   176
Dodge: Dodged            |    38 |    61 |     6 ||   105
Block: Buckler           |     5 |    25 |       ||    30
       Rpst.: Falchion   |    11 |    24 |     1 ||    36
